 Dungeon Crawl Stone Soup version 0.18.1-2-ga659475 (webtiles) character file.

6405 HungrySpirit the Cruncher (level 11, 0/117 HPs)
             Began as a Formicid Ice Elementalist on May 8, 2016.
             Was a Priest of Okawaru.
             Slain by a centaur (6 damage)
             ... on level 11 of the Dungeon.
             The game lasted 00:18:48 (10535 turns).

HungrySpirit the Cruncher (FoIE)                   Turns: 10535, Time: 00:18:48

Health: 0/117      AC: 30    Str: 20    XL:     11   Next: 18%
Magic:  12/14      EV:  2    Int: 20    God:    Okawaru [***...]
Gold:   283        SH:  0    Dex: 16    Spells: 1 memorised, 13 levels left

rFire  . . .     SeeInvis +     w - +2 quarterstaff (protect)
rCold  + . .     Gourm    .     (armour currently unavailable)
rNeg   + + +     Faith    +     (no shield)
rPois  +         Spirit   .     (helmet unavailable)
rElec  .         Dismiss  .     (cloak currently unavailable)
rCorr  .         Reflect  .     (gloves currently unavailable)
SustAt .         Harm     .     (boots currently unavailable)
MR     +....                    s - amulet of faith
Stlth  +++.......               N - +5 ring of dexterity
                                M - ring "Jiehes" {rPois rC+ Str+4 SInv}

@: brilliant, tree-form, somewhat resistant to hostile enchantments, fairly
stealthy
A: permanent stasis, dig shafts and tunnels, four strong arms, (antennae 0)
a: Heroism, Renounce Religion


You were on level 11 of the Dungeon.
You worshipped Okawaru.
Okawaru was most pleased with you.
You were very hungry.
You were a tree.
You visited 2 branches of the dungeon, and saw 12 of its levels.

You collected 485 gold pieces.
You spent 202 gold pieces at shops.

Inventory:

Hand Weapons
 o - a +1 dagger of venom
 w - a +2 quarterstaff of protection (weapon)
Armour
 z - a +1 cloak (melded)
 A - a +2 plate armour of cold resistance (melded)
 B - a +0 pair of gloves (melded)
 J - the +1 ring mail of the Wumpus {rC++ Regen+ rCorr Str-5}
   (You took it off an orc priest on level 5 of the Dungeon)

   It affects your strength (-5).
   It greatly protects you from cold.
   It increases your rate of regeneration.
   It protects you from acid and corrosion.
Jewellery
 g - an uncursed amulet of regeneration
 s - an amulet of faith (around neck)
 M - the ring "Jiehes" (left branch) {rPois rC+ Str+4 SInv}
   (You found it on level 6 of the Dungeon)

   [ring of poison resistance]

   It affects your strength (+4).
   It protects you from cold.
   It protects you from poison.
   It lets you see invisible.
 N - a +5 ring of dexterity (right branch)
 Q - an uncursed ring of flight
Wands
 y - a wand of slowing (30/48)
 F - a wand of confusion (17/48)
 O - a wand of polymorph (10/24)
Scrolls
 p - 4 scrolls of enchant weapon {unknown}
 r - a scroll of vulnerability {unknown}
 t - 3 scrolls of noise
 u - a scroll of magic mapping {unknown}
 x - 4 scrolls of recharging
 C - 5 scrolls of remove curse
 D - 2 scrolls of amnesia {unknown}
 G - 3 scrolls of enchant armour
 P - 2 scrolls of identify
 S - a scroll of fog {unknown}
Potions
 a - a potion of lignification
 e - a potion of cure mutation
 i - 3 potions of brilliance
 k - a potion of haste
 n - a potion of heal wounds {unknown}
 v - a potion of curing
 E - a potion of mutation
 I - a potion of magic {unknown}
 K - 2 potions of agility {unknown}
 U - 2 potions of invisibility {unknown}
 V - a potion of degeneration {unknown}
Books
 b - a book of Frost

   Spells                             Type                      Level
   a - Freeze                         Ice                          1
   b - Throw Frost                    Conjuration/Ice              2
   c - Ozocubu's Armour               Charms/Ice                   3
   d - Throw Icicle                   Conjuration/Ice              4
   e - Summon Ice Beast               Ice/Summoning                4
 h - a book of Summonings

   Spells                             Type                      Level
   a - Recall                         Summoning/Translocation      3
   b - Aura of Abjuration             Summoning                    5
   c - Summon Demon                   Summoning                    5
   d - Summon Forest                  Summoning/Translocation      5
   e - Summon Mana Viper              Hexes/Summoning              5
   f - Shadow Creatures               Summoning                    6
 T - a book of Ice

   Spells                             Type                      Level
   a - Ice Form                       Ice/Transmutation            4
   b - Metabolic Englaciation         Hexes/Ice                    5
   c - Ozocubu's Refrigeration        Ice                          6
   d - Bolt of Cold                   Conjuration/Ice              6
   e - Freezing Cloud                 Conjuration/Ice/Air          6
   f - Simulacrum                     Ice/Necromancy               6
Comestibles
 c - 10 bread rations
 m - 3 meat rations
 H - a beef jerky


   Skills:
 + Level 4.8 Fighting
 - Level 8.1 Short Blades
 * Level 11.8 Staves
 + Level 5.8 Armour
 - Level 1.7 Dodging
 - Level 2.4 Stealth
 - Level 2.1 Spellcasting
   Level 0.8 Conjurations
 - Level 3.0 Ice Magic


You had 13 spell levels left.
You knew the following spells:

 Your Spells              Type           Power        Failure   Level  Hunger
a - Freeze                Ice            ####         1%          1    #......


Dungeon Overview and Level Annotations

Branches:
Dungeon (10/15)            Temple (1/1) D:6             Orc (0/2) D:9
   Lair: D:8-11

Altars:
Ashenzari
Dithmenos
Fedhas
Gozag
Kikubaaqudgha
Makhleb
Nemelex Xobeh
Okawaru
Pakellas
Qazlal
Ru
Sif Muna
Trog
Vehumet
Xom
Zin

Shops:
D:4 :(   D:5 [?(   D:6 (   D:10 *


Innate Abilities, Weirdness & Mutations

You are under a permanent stasis effect.
You can dig through walls and to a lower floor.
Your four strong arms can wield two-handed weapons with a shield.
((You have a pair of large antennae on your head (SInv).))


Message History

Drink which item? (? for menu, Esc to quit)
It was a potion of flight.
Your roots keep you in place.
The centaur hits you but does no damage.
The gargoyle hurls a stone arrow at you.
Helpless, you fail to dodge the stone arrow.
* * * LOW HITPOINT WARNING * * *
The centaur hits you.
* * * LOW HITPOINT WARNING * * *
Drink which item? (? for menu, Esc to quit)
It was a potion of haste.
Your stasis keeps you stable.
The gargoyle hits you with a flail.
* * * LOW HITPOINT WARNING * * *
The centaur hits you but does no damage.
Drink which item? (? for menu, Esc to quit)
It was a potion of berserk rage.
You cannot go berserk while under stasis.
The centaur hits you but does no damage.
The gargoyle hits you but does no damage.
The centaur hits you.
You die...

.. #. #. #. .##
##.## ....#...#
........#######
......c♣.......
.####$..9......
.............
##############


You could see a gargoyle and a centaur.

Vanquished Creatures
  An unseen horror (D:10)
  Pikel (D:4)
  A griffon (D:10)
  Psyche (D:10)
  A queen bee (D:9)
  A two-headed ogre (D:9)
  A spriggan (D:7)
  A hippogriff (D:8)
  A vampire mosquito (D:10)
  2 water moccasins (D:8)
  3 orc warriors
  An ice beast (D:10)
  2 slaves (D:4)
  3 sky beasts
  An ogre (D:7)
  A phantom (D:6)
  6 centaurs
  A big kobold (D:7)
  3 giant frogs
  A wyvern skeleton (D:9)
  A water moccasin skeleton (D:10)
  A scorpion (D:9)
  10 killer bees (D:9)
  A wight (D:6)
  3 crimson imps
  3 howler monkeys
  2 giant frog zombies
  A quasit (D:5)
  3 hounds
  2 jellies
  Crazy Yiuf (D:3)
  4 orc priests
  5 giant frog skeletons
  2 iguanas
  Jessica (D:2)
  9 orc wizards
  3 worker ants (D:7)
  A worker ant zombie (D:5)
  7 gnolls (D:6)
  10 adders
  A howler monkey skeleton (D:6)
  2 shadow imps
  2 oozes
  An adder skeleton (D:6)
  An adder zombie (D:7)
  4 worms
  4 dart slugs
  6 giant geckos
  26 orcs
  A ball python (D:2)
  4 giant cockroaches
  6 goblins
  10 hobgoblins
  16 jackals
  2 quokkas
  15 bats
  A giant cockroach zombie (D:6)
  A giant gecko skeleton (D:5)
  A giant gecko zombie (D:9)
  5 giant newts
  6 kobolds
  A quokka zombie (D:5)
  9 rats
228 creatures vanquished.

Notes
Turn   | Place    | Note
--------------------------------------------------------------
     0 | D:1      | HungrySpirit the Formicid Ice Elementalist began the quest for the Orb.
     0 | D:1      | Reached XP level 1. HP: 13/13 MP: 3/3
   524 | D:1      | Reached XP level 2. HP: 19/20 MP: 5/5
   568 | D:1      | Reached skill level 1 in Short Blades
   592 | D:1      | Reached skill level 1 in Fighting
   595 | D:1      | Reached skill level 1 in Armour
   757 | D:1      | Reached XP level 3. HP: 26/26 MP: 6/6
  1392 | D:2      | Reached XP level 4. HP: 7/33 MP: 3/7
  2101 | D:2      | Found a bloodstained altar of Trog.
  2188 | D:2      | Noticed Jessica
  2194 | D:2      | Killed Jessica
  2194 | D:2      | Reached XP level 5. HP: 32/38 MP: 6/8
  3724 | D:3      | Reached skill level 1 in Staves
  3731 | D:3      | Reached XP level 6. HP: 27/44 MP: 9/9
  3923 | D:3      | Noticed Crazy Yiuf
  3933 | D:3      | Killed Crazy Yiuf
  4226 | D:3      | Found an opulent altar of Gozag.
  4226 | D:3      | Found a blossoming altar of Fedhas.
  4227 | D:3      | Found a stormy altar of Qazlal.
  4230 | D:3      | Found a sacrificial altar of Ru.
  4457 | D:4      | Found Wyidwira's Antique Weapon Emporium.
  4481 | D:4      | Found a glowing silver altar of Zin.
  4602 | D:4      | Reached skill level 2 in Staves
  4656 | D:4      | Found Ustos's Book Emporium.
  4681 | D:4      | Found an ancient bone altar of Kikubaaqudgha.
  5006 | D:4      | Reached XP level 7. HP: 41/50 MP: 10/10
  5326 | D:5      | Entered Level 5 of the Dungeon
  5343 | D:5      | Reached skill level 3 in Staves
  5347 | D:5      | Found Puoxtyar's Weapon Shoppe.
  5517 | D:5      | Got a crude ring mail
  5539 | D:5      | Identified the +1 ring mail of the Wumpus {rC++ Regen+ rCorr Str-5} (You took it off an orc priest on level 5 of the Dungeon)
  5621 | D:5      | Reached skill level 4 in Staves
  5790 | D:5      | Noticed Pikel
  5894 | D:4      | Killed Pikel
  5894 | D:4      | Reached skill level 5 in Short Blades
  5894 | D:4      | Reached skill level 6 in Staves
  5894 | D:4      | Reached XP level 8. HP: 56/56 MP: 11/11
  5910 | D:5      | Found Xixecox's Magic Scroll Shop.
  5944 | D:5      | Bought a scroll of recharging for 133 gold pieces
  6207 | D:5      | Found Jitup's Armour Shop.
  6349 | D:6      | You fall through a shaft for 2 floors!
  6524 | D:8      | Reached skill level 7 in Staves
  6524 | D:8      | Reached XP level 9. HP: 43/61 MP: 12/12
  6766 | D:8      | Reached skill level 8 in Staves
  7164 | D:7      | Found a burning altar of Makhleb.
  7342 | D:6      | Got a brightly glowing platinum ring
  7347 | D:6      | Identified the ring "Jiehes" {rPois rC+ Str+4 SInv} (You found it on level 6 of the Dungeon)
  7560 | D:6      | Found Busheo's Antique Weapon Shoppe.
  7787 | D:6      | Got a fine ring mail
  7788 | D:6      | Identified the +3 ring mail of Hosucul {MR+ Int+4} (You found it on level 6 of the Dungeon)
  7828 | D:6      | Reached skill level 9 in Staves
  8163 | D:6      | Reached XP level 10. HP: 65/67 MP: 13/13
  8202 | D:6      | Found a staircase to the Ecumenical Temple.
  8215 | Temple   | Entered the Ecumenical Temple
  8232 | Temple   | Became a worshipper of Warmaster Okawaru
  8625 | D:7      | Reached skill level 10 in Staves
  8910 | D:8      | Reached * piety under Okawaru
  9443 | D:9      | Reached ** piety under Okawaru
  9443 | D:9      | Reached skill level 11 in Staves
  9802 | D:9      | Found a shattered altar of Ashenzari.
 10048 | D:9      | Found a staircase to the Orcish Mines.
 10128 | D:10     | Entered Level 10 of the Dungeon
 10133 | D:10     | Noticed a griffon
 10159 | D:10     | Killed a griffon
 10159 | D:10     | Reached skill level 5 in Armour
 10294 | D:10     | Found Reblucy's Assorted Antiques.
 10302 | D:10     | Bought 2 bubbling pink potions for 46 gold pieces
 10302 | D:10     | Bought a metallic white potion for 23 gold pieces
 10356 | D:10     | Noticed an unseen horror
 10382 | D:10     | Killed an unseen horror
 10382 | D:10     | Reached *** piety under Okawaru
 10382 | D:10     | Reached XP level 11. HP: 73/77 MP: 14/14
 10404 | D:10     | Noticed Psyche
 10419 | D:10     | Killed Psyche
 10481 | D:10     | Noticed a sphinx
 10481 | D:10     | Noticed a hornet
 10528 | D:10     | You fall through a shaft!
 10530 | D:11     | Gained mutation: Your magical capacity is low (-10% MP). [potion of mutation]
 10530 | D:11     | Gained mutation: You are frail (-10% HP). [potion of mutation]
 10531 | D:11     | Lost mutation: Your magical capacity is low (-10% MP). [potion of cure mutation]
 10531 | D:11     | Lost mutation: You are frail (-10% HP). [potion of cure mutation]
 10535 | D:11     | Slain by a centaur

Skill      XL: |  1  2  3  4  5  6  7  8  9 10 |
---------------+-------------------------------+-----
Short Blades   | 1 2 3 5 6 7 8 |  8.1
Fighting       | 1 2 4 |  4.8
Armour         | 1 2 3 4 5 |  5.8
Staves         | 1 2 6 7 9 11 | 11.8
Dodging        | |  1.7
Stealth        | |  2.4
Spellcasting   | |  2.1
Conjurations   | |  0.8
Ice Magic      | |  3.0

Action                   |  1- 3 |  4- 6 |  7- 9 | 10-12 || total
-------------------------+-------+-------+-------+-------++-------
Melee: Dagger            |     5 |   204 |   529 |       ||   738
       Unarmed           |     5 |       |       |       ||     5
       Short sword       |    88 |    67 |       |       ||   155
       Quarterstaff      |       |       |    60 |   339 ||   399
       Punch             |       |       |       |     2 ||     2
 Cast: Freeze            |     5 |     2 |       |       ||     7
Invok: Heroism           |       |       |       |     2 ||     2
 Abil: Dig               |       |     2 |    10 |     2 ||    14
       Shaft Self        |       |       |     1 |     1 ||     2
Evoke: Wand              |       |       |       |     1 ||     1
  Use: Potion            |       |     1 |     1 |     7 ||     9
       Scroll            |       |       |     8 |     3 ||    11
 Stab: Sleeping          |     1 |     2 |       |       ||     3
       Confused          |       |       |       |     3 ||     3
  Eat: Chunk             |     2 |    11 |    11 |     8 ||    32
       Pizza             |       |       |     1 |       ||     1
Armor: Leather armour    |    25 |    74 |     6 |       ||   105
       Chain mail        |       |       |   228 |       ||   228
       Plate armour      |       |       |   139 |   252 ||   391
       Skin              |       |       |       |     5 ||     5
Dodge: Dodged            |    75 |   116 |   142 |    94 ||   427
